cohdb
Replays
Latest Replays
All Replays
Popular Replays
Top Player Replays
Match Explorer
How It Works
Community
CoH3 Stats
Reddit
Sign in to upload your games and track your stats! →
Sign in with Steam
Match 42177801
Unlisted
Match 42177801
Overview
Messages
Build Orders
End
Construct Section Command Post
Infantry Section
Infantry Section
Dingo Light Scout Car
Infantry Section
Infantry Section
Construct Platoon Command Post
Selects Canadian Shock Battlegroup
Selects Attacking Spirit
Selects Incendiary Munitions
Humber Armored Car
Humber Armored Car
Grenade Package
Selects Pyrotechnics
Selects Canadian Shock Section
Canadian Shock Section
Construct Field Infirmary
Infantry Training
Selects Churchill Crocodile Heavy Tank
Selects Churchill Crocodile Heavy Tank
Churchill Crocodile Heavy Tank
Churchill Crocodile Heavy Tank
Selects Smoke Operation
Unlock M3 Stuart Light Tanks
M3 Stuart Light Tank
Wolfe
grun59
0
0
Comments
sign in to comment!
No comments posted yet!